 Dungeon Crawl Stone Soup version 0.24.0-13-gcf9b319 (webtiles) character file.

Game seed: 5885947624273988277, levelgen mode: deterministic

1166 Balder the Cleaver (level 8, -13/70 HPs)
             Began as a Hill Orc Fighter on Feb 12, 2020.
             Was a Believer of Okawaru.
             Mangled by an orc warrior
             ... wielding a cursed +0 glaive
              (21 damage)
             ... on level 6 of the Dungeon.
             The game lasted 00:18:58 (5049 turns).

Balder the Cleaver (Hill Orc Fighter)               Turns: 5049, Time: 00:18:59

Health: -13/70     AC: 12    Str: 19    XL:     8   Next: 40%
Magic:  8/8        EV:  6    Int:  8    God:    Okawaru [**....]
Gold:   251        SH: 13    Dex: 16    Spells: 7/7 levels left

rFire    . . .     SeeInvis .   a - +0 war axe
rCold    . . .     Gourm    .   c - +0 shield
rNeg     . . .     Faith    .   s - +0 chain mail
rPois    .         Spirit   .   (no helmet)
rElec    .         Reflect  +   (no cloak)
rCorr    .         Harm     .   G - +0 pair of gloves (curse)
MR       .....                  (no boots)
Stlth    ..........             t - +3 amulet of reflection
HPRegen  0.21/turn              r - +4 ring of dexterity
MPRegen  0.11/turn              u - +1 ring of protection

@: hasted, very quick
A: no striking features
a: Heroism, Renounce Religion


You were on level 6 of the Dungeon.
You worshipped Okawaru.
Okawaru was pleased with you.
You were not hungry.

You visited 1 branch of the dungeon, and saw 6 of its levels.

You collected 251 gold pieces.

Inventory:

Hand Weapons
 a - a +0 war axe (weapon)
 h - a +0 hunting sling
Missiles
 l - 18 poisoned darts (quivered)
Armour
 c - a +0 shield (worn)
 s - a +0 chain mail (worn)
 C - a +1 cloak
 G - a cursed +0 pair of gloves (worn)
Jewellery
 r - a +4 ring of dexterity (left hand)
 t - a +3 amulet of reflection (around neck)
 u - a +1 ring of protection (right hand)
 w - an uncursed ring of flight
 F - an uncursed amulet of the gourmand
 K - an uncursed amulet of guardian spirit {unknown}
Wands
 b - a wand of digging (4)
 E - a wand of iceblast (17)
Scrolls
 j - a scroll of teleportation {unknown}
 k - 2 scrolls of fog
 p - 2 scrolls of remove curse
 x - 2 scrolls of enchant armour
 y - a scroll of amnesia {unknown}
 A - a scroll of noise {unknown}
 D - 3 scrolls of magic mapping {unknown}
 H - 3 scrolls of identify
 I - 3 scrolls of enchant weapon {unknown}
 J - a scroll of immolation {unknown}
Potions
 d - a potion of might
 e - a potion of flight {unknown}
 g - 5 potions of curing {unknown}
 i - a potion of heal wounds {unknown}
 m - 2 potions of invisibility {unknown}
 n - a potion of resistance {unknown}
 o - a potion of berserk rage {unknown}
 q - a potion of ambrosia {unknown}
 v - 2 potions of haste
 z - a potion of mutation {unknown}
 B - a potion of lignification {unknown}
 L - 2 potions of degeneration {unknown}
 M - a potion of agility {unknown}
Comestibles
 f - 13 rations
 N - 9 chunks of flesh


   Skills:
 * Level 5.7 Fighting
 * Level 8.4 Axes
 + Level 0.8 Throwing
 * Level 5.8 Armour
 + Level 1.0 Dodging
 + Level 0.1 Stealth
 * Level 5.7 Shields


You had 7 spell levels left.
You didn't know any spells.
Your spell library contained the following spells:

 Spells                   Type           Power        Failure   Level  Hunger
 Confusing Touch          Hex            #.....       100%        1    ##.....
 Infusion                 Chrm           #...         100%        1    ##.....
 Shroud of Golubria       Chrm/Tloc      #.....       100%        2    ###....
 Song of Slaying          Chrm           #.......     100%        2    ###....
 Confuse                  Hex            #.......     100%        3    ####...
 Gell's Gravitas          Tloc           #.........   100%        3    ####...
 Regeneration             Chrm/Necr      #.........   100%        3    ####...
 Spectral Weapon          Hex/Chrm       #.......     100%        3    ####...
 Petrify                  Tmut/Erth      #.......     100%        4    #####..
 Metabolic Englaciation   Hex/Ice        #.........   100%        5    ######.
 Yara's Violent Unravell  Hex/Tmut       #.........   100%        5    ######.


Dungeon Overview and Level Annotations

Branches:
Dungeon (6/15)             Temple (0/1) D:4

Altars:
Elyvilon
Nemelex Xobeh
Okawaru
Sif Muna


Message History

The orc warrior is almost dead.
The orc warrior looks more healthy.
You block the orc warrior's attack.
You hit the orc warrior.
The orc warrior is almost dead.
The orc warrior hits you with a cursed +0 glaive!
Your chain mail prevents you from hitting the orc warrior.
The orc warrior is almost dead.
You hit the orc warrior but do no damage.
The orc warrior is almost dead.
You block the orc warrior's attack.
You hit the orc warrior but do no damage.
The orc warrior is almost dead.
The orc warrior hits you with a cursed +0 glaive!
You hit the orc warrior but do no damage.
The orc warrior is almost dead.
The orc warrior hits you with a cursed +0 glaive!!
* * * LOW HITPOINT WARNING * * *
It was a potion of haste.
You feel yourself speed up.
The orc warrior hits you with a cursed +0 glaive!!
You die...

######
...###+#######..).#
.......goo@..#.##.#
.......go###.#)##.# ....
≈.......g.# #...##.# ≈≈≈≈
#.#'####### ######.#
≈≈≈≈##.#.###### #.#
.........#....# #####.#
.........#....#####.....#
..................#'#####
......................###


You could see an orc warrior, a gnoll sergeant, 2 gnolls and 2 orcs.

Vanquished Creatures
  Sigmund (D:4)
  2 sky beasts
  A phantom (D:5)
  2 ogres
  2 howler monkeys
  A bullfrog skeleton (D:5)
  3 hounds
  Crazy Yiuf (D:3)
  A centaur skeleton (D:5)
  An orc wizard (D:4)
  4 worker ants (D:4)
  6 adders
  A worm (D:3)
  4 dart slugs
  3 leopard geckos
  8 orcs
  A ball python (D:1)
  3 giant cockroaches
  4 goblins
  9 hobgoblins
  4 jackals (D:5)
  3 quokkas
  8 bats
  7 frilled lizards
  7 kobolds
  A leopard gecko skeleton (D:6)
  9 rats
97 creatures vanquished.

Vanquished Creatures (others)
  A centaur (D:3)
1 creature vanquished.

Grand Total: 98 creatures vanquished

Notes
Turn   | Place    | Note
-------+----------+-------------------------------------------
     0 | D:1      | Balder the Hill Orc Fighter began the quest for the Orb.
     0 | D:1      | Reached XP level 1. HP: 19/19 MP: 1/1
   120 | D:1      | Reached XP level 2. HP: 27/27 MP: 2/2
   375 | D:1      | Reached skill level 3 in Axes
   482 | D:1      | Reached XP level 3. HP: 32/33 MP: 3/3
  1245 | D:2      | Reached XP level 4. HP: 41/41 MP: 4/4
  1740 | D:3      | Found an iron altar of Okawaru.
  1748 | D:3      | Became a worshipper of Warmaster Okawaru
  2091 | D:3      | Reached skill level 4 in Axes
  2211 | D:3      | Found a runed translucent door.
  2212 | D:3      | Noticed Crazy Yiuf
  2231 | D:3      | Killed Crazy Yiuf
  2231 | D:3      | Reached XP level 5. HP: 17/47 MP: 2/5
  2570 | D:3      | Found a faded altar of an unknown god.
  2585 | D:3      | Noticed a centaur
  2592 | D:3      | Killed a centaur
  2757 | D:4      | Reached skill level 5 in Axes
  2757 | D:4      | Reached XP level 6. HP: 55/55 MP: 6/6
  2838 | D:4      | Reached skill level 5 in Fighting
  2875 | D:4      | Noticed a sky beast
  2892 | D:4      | Killed a sky beast
  2892 | D:4      | Reached skill level 6 in Axes
  2892 | D:4      | Reached XP level 7. HP: 13/61 MP: 7/7
  3209 | D:4      | Found a staircase to the Ecumenical Temple.
  3223 | D:4      | Found a sparkling altar of Nemelex Xobeh.
  3249 | D:4      | Reached skill level 5 in Armour
  3398 | D:4      | Reached * piety under Okawaru
  3434 | D:4      | Noticed Sigmund
  3458 | D:4      | Killed Sigmund
  3458 | D:4      | Reached skill level 7 in Axes
  3458 | D:4      | Reached skill level 5 in Shields
  3864 | D:5      | Entered Level 5 of the Dungeon
  3944 | D:5      | Reached skill level 1 in Dodging
  3944 | D:5      | Reached XP level 8. HP: 64/68 MP: 8/8
  3960 | D:5      | Reached ** piety under Okawaru
  3987 | D:5      | Found a white marble altar of Elyvilon.
  4239 | D:5      | Found a shimmering blue altar of Sif Muna.
  4398 | D:5      | Reached skill level 8 in Axes
  5049 | D:6      | Mangled by an orc warrior

Levels and vault maps discovered:
D:1:      scummos_arrival_gate, layout_basic, minmay_cut_off
D:2:      layout_basic, nrook_mini_vaults
D:3:      layout_rooms, chequers_ecumenical_altar_simple_redux,
          kennysheep_okawaru_gauntlet, uniq_crazy_yiuf_cottage
D:4:      layout_rooms, minmay_temple_entry_grid, serial_curves, eino_curves_03,
          eino_curves_03, nemelex_altar_shiori, uniq_sigmund
D:5:      wander_river, layout_loops_cross, overflow_temple_1_default,
          first_ration, basic_altar
D:6:      layout_basic, marbit_many_paths, cheibrodos_sewer_entry_sluice

Skill      XL: |  1  2  3  4  5  6  7  8 |
---------------+-------------------------+-----
Fighting       | 4 5 |  5.7
Axes           | 3 4 5 6 7 8 |  8.4
Armour         | 4 5 |  5.8
Shields        | 4 5 |  5.7
Dodging        | 1 |  1.0
Throwing       | |  0.8
Stealth        | |  0.1

Action                   |  1- 3 |  4- 6 |  7- 9 || total
-------------------------+-------+-------+-------++-------
Melee: War axe           |   114 |   115 |   147 ||   376
Throw: Dart              |       |    11 |    13 ||    24
  Use: Scroll            |       |     5 |     2 ||     7
       Potion            |       |     1 |     1 ||     2
  Eat: Chunk             |     1 |     2 |     4 ||     7
       Ration            |       |     1 |     1 ||     2
Armor: Scale mail        |    11 |       |       ||    11
       Chain mail        |    54 |    50 |    51 ||   155
Dodge: Dodged            |    24 |    21 |    19 ||    64
Block: Shield            |    54 |    80 |    79 ||   213
       Reflection        |       |     4 |     3 ||     7
